 Dungeon Crawl Stone Soup version 0.27-a0-590-g94244163b4 (webtiles) character file.

Game seed: 17592599128722875623

43985 sanka the Martial Artist (level 13, -5/100 (103) HPs)
             Began as a Vampire Transmuter on Mar 10, 2021.
             Was the Champion of Okawaru.
             Slain by a spriggan rider
             ... wielding the +3 spear "Saomnygi" {drain, rElec rF+ rC+}
              (16 damage)
             ... on level 4 of the Lair of Beasts.
             The game lasted 00:40:39 (18982 turns).

sanka the Martial Artist (Vampire Transmuter)      Turns: 18982, Time: 00:40:40

HP:   -5/100 (103)  AC: 11    Str:  9    XL:     13   Next: 93%
MP:   17/19         EV: 25    Int: 22    God:    Okawaru [******]
Gold: 1229          SH:  0    Dex: 19    Spells: 14/20 levels left

rFire    . . .     SeeInvis +     - Unarmed
rCold    . . .     Faith    .   (no shield)
rNeg     . . .     Spirit   .   S - +0 steam dragon scales
rPois    .         Reflect  .   K - +0 helmet
rElec    .         Harm     .   a - +0 cloak
rCorr    .         Rampage  .   t - +0 pair of gloves
Will     +....                  n - +0 pair of boots
Stlth    +++.......             (no amulet)
HPRegen  0.46/turn              s - +4 ring of slaying
MPRegen  0.16/turn              e - +6 ring of intelligence

@: heroic, regenerating quickly, lightly drained
A: fangs 3, see invisible, unbreathing 1
a: Exsanguinate, Renounce Religion, Heroism, Finesse


You were on level 4 of the Lair of Beasts.
You worshipped Okawaru.
Okawaru was exalted by your worship.
You visited 3 branches of the dungeon, and saw 16 of its levels.
You also visited: Sewer and Ossuary.

You collected 1229 gold pieces.


Innate Abilities, Weirdness & Mutations

Your natural rate of healing is unusually fast.
You have razor-sharp teeth.
You have supernaturally acute eyesight. (SInv)
You can survive without breathing.


   Skills:
 + Level 10.2(15.2) Fighting
 + Level 13.8(18.8) Dodging
 * Level 14.1(19.1) Unarmed Combat
 - Level 4.0 Spellcasting
 - Level 8.0 Transmutations
 - Level 3.0 Poison Magic
 - Level 8.0 Invocations


You had 14 spell levels left.
You knew the following spells:

 Your Spells              Type           Power      Damage    Failure   Level
x - Beastly Appendage     Tmut           78%        N/A       1%          1
y - Wereblood             Tmut           39%        N/A       1%          2
z - Spider Form           Tmut/Pois      14%        N/A       3%          3

Your spell library contained the following spells:

 Spells                   Type           Power      Damage    Failure   Level
 Corona                   Hex            4%         N/A       11%         1
 Blade Hands              Tmut           19%        N/A       12%         5
 Ensorcelled Hibernation  Hex/Ice        8%         N/A       17%         2
 Ice Form                 Ice/Tmut       22%        N/A       22%         4
 Confusing Touch          Hex            4%         N/A       32%         3
 Dazzling Flash           Conj/Hex       8%         N/A       32%         3
 Tukima's Dance           Hex            4%         N/A       32%         3

Inventory:

Armour
 a - a +0 cloak (worn)
 n - a +0 pair of boots (worn)
 t - a +0 pair of gloves (worn)
 G - a +2 robe of fire resistance
 K - a +0 helmet (worn)
 P - a +2 robe of cold resistance
 S - +0 steam dragon scales (worn)
Jewellery
 e - a +6 ring of intelligence (left hand)
 s - a +4 ring of slaying (right hand)
 w - a ring of protection from fire
 A - a ring of fire
 M - a ring of resist corrosion
 Q - a ring of ice
Wands
 o - a wand of paralysis (10)
 x - a wand of mindburst (17)
 y - a wand of acid (3)
 B - a wand of polymorph (26)
 F - a wand of digging (6)
 H - a wand of flame (8)
 L - a wand of iceblast (8)
Scrolls
 b - 5 scrolls of magic mapping
 c - 2 scrolls of blinking
 d - 5 scrolls of amnesia
 j - 2 scrolls of immolation {!r}
 k - 3 scrolls of fog
 l - 10 scrolls of teleportation {@r4}
 u - 5 scrolls of enchant armour
 C - 3 scrolls of enchant weapon
 D - 2 scrolls of identify {@r1}
 J - 2 scrolls of torment {!r}
 N - a scroll of fear {unknown}
 R - a scroll of holy word {!r}
Potions
 f - 5 potions of brilliance
 g - 2 potions of might {unknown}
 h - 5 potions of lignification {!q}
 i - 2 potions of heal wounds {unknown}
 m - 2 potions of curing {@q1}
 p - a potion of ambrosia {unknown}
 q - 2 potions of flight {unknown}
 r - 4 potions of attraction {unknown}
 v - 3 potions of haste {@q3}
 z - a potion of cancellation {unknown}
 E - 3 potions of mutation {unknown}
 I - a potion of degeneration {unknown}
 O - a potion of magic {unknown}

Dungeon Overview and Level Annotations

Branches:
Dungeon (11/15)            Temple (1/1) D:4            Lair (4/6) D:8
 Shoals (0/4) Lair:3        Snake (0/4) Lair:2          Orc (0/2) D:10
  Sewer (visited)         Ossuary (visited)

Altars:
Ashenzari
Cheibriados
Dithmenos
Elyvilon
Fedhas
Gozag
Hepliaklqana
Kikubaaqudgha
Makhleb
Nemelex Xobeh
Okawaru
Qazlal
Ru
Sif Muna
Trog
Uskayaw
Vehumet
Wu Jian
Xom
Yredelemnul
Zin
The Shining One

Shops:
D:4 !   D:9 ?   D:10 (

Annotations:
D:7 2 transporters, gruber's ghost, novice OgWr
Lair:1 2 transporters, wakim's ghost, journeyman GnWn

▒▒▒▒...♣♣♣♣..♣.▒▒ ▒▒.▒▒▒..▒▒..▒▒
▒....♣♣...♣♣▒..▒ ▒...▒▒▒.▒▒...▒
▒▒.▒..♣..♣..▒⌠.▒▒ ▒▒......▒▒▒...
▒▒....♣....i▒..▒▒ ▒▒▒..▒...▒▒..
......♣.♣!♣hh...▒ ▒▒.▒▒▒.▒▒...
....▒.♣ ♣?..▒i..▒ ▒▒..▒▒..▒▒...
......♣ ♣..♣▒⌠i.▒▒▒▒▒.P.▒▒...▒.+.
......♣♣.♣♣.♣▒hh▒..▒......▒.▒..▒.
▒.....♣♣♣♣♣♣.♣..V†....▒P.....▒.▒.
...▒▒▒....♣♣♣♣..▒†...............
▒..▒ ▒...▒▒▒...▒▒........▒..(▒...
...▒▒▒▒..▒▒...▒.............▒....
▒...▒▒▒..▒▒▒..▒▒.▒........▒▒▒....
...▒▒▒...▒▒...▒▒.▒.......▒▒▒...▒.
..▒▒▒...▒▒▒▒..▒..........▒ ▒▒..▒.
..▒.....▒▒▒▒..▒...▒......▒▒▒▒....
..▒......▒▒......▒▒▒...▒▒..▒.....


You could see 2 spriggan riders, 4 wolves and a boggart (invisible).


Message History

The polar bear is severely wounded.
The polar bear completely misses you. The polar bear completely misses you.
The polar bear misses you.
You bite the polar bear!
You kill the polar bear!
Okawaru accepts your kill.
The spriggan rider completely misses you.
You bite the komodo dragon!
The komodo dragon looks as sick as possible!
The komodo dragon is moderately wounded.
You maul the komodo dragon!!
The komodo dragon looks as sick as possible!
The komodo dragon is severely wounded.
The spriggan rider misses you. The komodo dragon bites you!!
* * * LOW HITPOINT WARNING * * *
You bite the komodo dragon!
You kill the komodo dragon!
The boggart mumbles some strange words.
The spriggan rider misses you.
You bite the wolf!
The wolf is poisoned.
The wolf is moderately wounded.
Your transformation has ended.
The wolf completely misses you. The wolf completely misses you.
The wolf completely misses you.
The spriggan rider hits you from afar with the +3 spear "Saomnygi" {drain, rElec rF+ rC+}!
You die...

Action                   |  1- 3 |  4- 6 |  7- 9 | 10-12 | 13-15 || total
-------------------------+-------+-------+-------+-------+-------++-------
Melee: Unarmed           |   136 |   222 |   370 |   827 |   431 ||  1986
       Kick              |    24 |     9 |       |       |       ||    33
       Headbutt          |    11 |     7 |       |       |       ||    18
       Punch             |     3 |       |     1 |     5 |       ||     9
       Bite              |     9 |    12 |     5 |    14 |     2 ||    42
 Cast: Beastly Appendage |    26 |    10 |       |       |       ||    36
       Spider Form       |       |    18 |    44 |    68 |    38 ||   168
Invok: Heroism           |       |       |     6 |    18 |     8 ||    32
 Abil: End Transformatio |       |       |       |       |     1 ||     1
Evoke: Wand              |       |       |       |       |     4 ||     4
  Use: Scroll            |       |     5 |     5 |     2 |     5 ||    17
       Potion            |       |       |     2 |       |     2 ||     4
 Stab: Sleeping          |       |     1 |     3 |     2 |     4 ||    10
       Distracted        |       |     1 |       |     2 |       ||     3
Armor: Robe              |    28 |     8 |       |    11 |     1 ||    48
       Skin              |       |     9 |     7 |     4 |     5 ||    25
Dodge: Dodged            |    92 |   167 |   271 |   932 |   425 ||  1887

Levels and vault maps discovered:
D:1:      grunt_arrival_lava_bath, layout_basic
D:2:      layout_basic, serial_bayou, serial_bayou_shore_b, serial_bayou_ford_a,
          serial_bayou_shore_b, serial_bayou_shore_a, kennysheep_minor_cross
D:3:      layout_loops_cross, chequers_ecumenical_altar_grove
D:4:      layout_loops_ring, minmay_temple_entry_trees, serial_shops,
          nicolae_shop_competitors_out_of_business
D:5:      layout_cave_pods, nicolae_ossuary_entry_monument, portal_sewer_entry_f
D:6:      layout_basic, grunt_temple_overflow_order_and_chaos_1,
          grunt_temple_overflow_open, ebering_ghost_reflecting_pool
D:7:      layout_rooms, grunt_temple_overflow_opulence, hangedman_ru_absence,
          gammafunk_ghost_arena, chequers_serial_rivers_micro_a, uniq_joseph
D:8:      minmay_polygon_palace, layout_loops_ring, dpeg_lair_monsters,
          minmay_holes
D:9:      layout_cave_pools, serial_shops, nicolae_shop_crystal, uniq_gastronok,
          uniq_pikel
D:10:     layout_basic, hiddenorc2_lemuel, serial_shops, shop, uniq_josephine,
          uniq_grum, uniq_nergalle
D:11:     layout_roguey [special_room_orc]
Temple:   jpeg_temple_alley_garden
Lair:1:   layout_long_grid, nzn_ghost_randoct, grunt_megastairs_5, uniq_fannar
Lair:2:   layout_hall_layers, minmay_snake_entry_guardpost_small,
          minmay_another_anthill
Lair:3:   layout_loops_ring, minmay_shoals_entry_hut,
          chequers_serial_rivers_micro_a, serial_bayou_lagoon_a, tgw_fedhas,
          serial_bayou_shore_b, uniq_urug, uniq_prince_ribbit2
Lair:4:   layout_loops_ring, ebering_ghost_funeral_grove, minivault_11,
          chequers_serial_rivers_small_a, roderic_batcave

Notes
Turn   | Place    | Note
-------+----------+-------------------------------------------
     0 | D:1      | sanka the Vampire Transmuter began the quest for the Orb.
     0 | D:1      | Reached XP level 1. HP: 14/14 MP: 3/3
    38 | D:1      | Reached skill level 1 in Fighting
    93 | D:1      | Reached XP level 2. HP: 13/21 MP: 3/5
   160 | D:1      | Reached skill level 4 in Unarmed Combat
   584 | D:1      | Reached skill level 3 in Transmutations
   905 | D:2      | Reached XP level 3. HP: 24/26 MP: 4/6
   935 | D:2      | Learned a level 2 spell: Wereblood
   939 | D:2      | Learned a level 3 spell: Spider Form
  1358 | D:2      | Reached skill level 1 in Poison Magic
  1586 | D:2      | Reached XP level 4. HP: 32/32 MP: 5/7
  2078 | D:3      | Reached skill level 4 in Transmutations
  2294 | D:3      | Found a faded altar of an unknown god.
  2893 | D:4      | Found Koibumn's Distillery.
  2909 | D:4      | Noticed an ogre
  2918 | D:4      | Killed an ogre
  2919 | D:4      | Reached skill level 2 in Poison Magic
  2919 | D:4      | Reached XP level 5. HP: 23/37 MP: 4/8
  3019 | D:4      | Reached skill level 5 in Transmutations
  3020 | D:4      | Found a staircase to the Ecumenical Temple.
  3044 | Temple   | Entered the Ecumenical Temple
  3276 | Temple   | Became a worshipper of Warmaster Okawaru
  3330 | D:4      | Reached skill level 3 in Poison Magic
  3472 | D:4      | Reached XP level 6. HP: 42/43 MP: 5/9
  3878 | D:5      | Entered Level 5 of the Dungeon
  3910 | D:5      | Found a glowing drain.
  3935 | Sewer    | Entered a sewer
  3994 | Sewer    | Reached skill level 6 in Transmutations
  4136 | Sewer    | Reached skill level 3 in Dodging
  4230 | Sewer    | Reached skill level 4 in Dodging
  4230 | Sewer    | Reached XP level 7. HP: 31/48 MP: 6/10
  4396 | D:5      | Found a sand-covered staircase.
  4403 | Ossuary  | Entered an ossuary
  4411 | Ossuary  | Reached * piety under Okawaru
  4412 | Ossuary  | Reached skill level 5 in Dodging
  4845 | D:5      | Reached skill level 1 in Invocations
  5140 | D:5      | Reached skill level 6 in Dodging
  5376 | D:5      | Reached skill level 2 in Invocations
  5711 | D:6      | Reached XP level 8. HP: 54/54 MP: 8/11
  5767 | D:6      | Noticed an angel
  5885 | D:6      | Reached skill level 3 in Invocations
  5909 | D:6      | Found a broken altar of Ashenzari.
  5962 | D:6      | Found a shimmering blue altar of Sif Muna.
  5962 | D:6      | Found a snail-covered altar of Cheibriados.
  5977 | D:6      | Reached skill level 7 in Dodging
  6005 | D:6      | Found a shadowy altar of Dithmenos.
  6006 | D:6      | Found a radiant altar of Vehumet.
  6014 | D:6      | Found a burning altar of Makhleb.
  6020 | D:6      | Reached ** piety under Okawaru
  6021 | D:6      | Reached skill level 4 in Invocations
  6179 | D:6      | Found a runed translucent door.
  6180 | D:6      | Noticed Anon1729's ghost (novice PaWr)
  6246 | D:6      | Found a shimmering altar of Xom.
  6266 | D:6      | Reached skill level 8 in Dodging
  6339 | D:6      | Reached skill level 5 in Unarmed Combat
  6502 | D:6      | Reached skill level 6 in Unarmed Combat
  6897 | D:6      | Reached XP level 9. HP: 59/59 MP: 8/12
  7031 | D:6      | Killed Anon1729's ghost
  7031 | D:6      | Reached *** piety under Okawaru
  7032 | D:6      | Reached skill level 7 in Unarmed Combat
  7246 | D:7      | Reached skill level 8 in Unarmed Combat
  7294 | D:7      | Found a transporter.
  7297 | D:7      | Noticed gruber's ghost (novice OgWr)
  7309 | D:7      | Found a transporter.
  7467 | D:7      | Reached skill level 9 in Unarmed Combat
  7544 | D:7      | Noticed Joseph
  7573 | D:7      | Killed Joseph
  7668 | D:7      | Found a sparkling altar of Nemelex Xobeh.
  7668 | D:7      | Found an opulent altar of Gozag.
  7770 | D:7      | Reached **** piety under Okawaru
  7771 | D:7      | Reached skill level 10 in Unarmed Combat
  7843 | D:7      | Found a sacrificial altar of Ru.
  8038 | D:8      | Reached skill level 2 in Fighting
  8316 | D:8      | Found a staircase to the Lair.
  8316 | D:8      | Noticed a death yak
  8318 | D:8      | Noticed a death yak
  8318 | D:8      | Noticed a death yak
  8333 | D:8      | Killed a death yak
  8334 | D:8      | Reached skill level 3 in Fighting
  8334 | D:8      | Reached skill level 9 in Dodging
  8334 | D:8      | Reached XP level 10. HP: 70/70 MP: 9/13
  8340 | D:8      | Killed a death yak
  8341 | D:8      | Reached skill level 4 in Fighting
  8351 | D:8      | Killed a death yak
  8351 | D:8      | Reached ***** piety under Okawaru
  8352 | D:8      | Reached skill level 5 in Fighting
  8352 | D:8      | Reached skill level 10 in Dodging
  8777 | D:8      | Noticed a manticore
  8795 | D:8      | Killed a manticore
  8795 | D:8      | Identified the +2 scale mail of the Land of Plenty {rN+}
                  | (Okawaru gifted it to you on level 8 of the Dungeon)
  8795 | D:8      | Received a gift from Okawaru
  9146 | D:8      | Noticed a two-headed ogre
  9174 | D:8      | Killed a two-headed ogre
  9175 | D:8      | Reached skill level 6 in Fighting
  9313 | D:8      | Reached skill level 11 in Dodging
  9837 | D:9      | Reached XP level 11. HP: 80/83 MP: 10/14
  9846 | D:9      | Noticed a two-headed ogre
  9854 | D:9      | Killed a two-headed ogre
  9855 | D:9      | Reached skill level 7 in Fighting
  9856 | D:9      | Noticed Pikel
  9896 | D:9      | Killed Pikel
  9943 | D:9      | Noticed Gastronok
 10223 | D:9      | Killed Gastronok
 10224 | D:9      | Reached skill level 8 in Fighting
 10224 | D:9      | Reached skill level 12 in Dodging
 10688 | D:9      | Found Eczisem's Magic Scroll Boutique.
 10877 | D:10     | Entered Level 10 of the Dungeon
 10889 | D:10     | Reached skill level 5 in Invocations
 10936 | D:10     | Noticed Nergalle
 10937 | D:10     | Reached skill level 6 in Invocations
 10946 | D:10     | Killed Nergalle
 11109 | D:10     | Noticed Grum
 11130 | D:10     | Killed Grum
 11131 | D:10     | Reached skill level 7 in Invocations
 11409 | D:10     | Found a staircase to the Orcish Mines.
 11503 | D:10     | Received a gift from Okawaru
 11522 | D:10     | Noticed Josephine
 11536 | D:10     | Killed Josephine
 11536 | D:10     | Received a gift from Okawaru
 11537 | D:10     | Reached skill level 8 in Invocations
 11590 | D:10     | Found Hily's Antique Weapon Shop.
 11644 | D:10     | Reached XP level 12. HP: 77/92 MP: 18/18
 12000 | D:10     | Reached skill level 3 in Spellcasting
 12100 | D:11     | Reached skill level 7 in Transmutations
 12392 | D:11     | Reached skill level 4 in Spellcasting
 12419 | D:11     | HP: 1/92 [orc warrior/+0 short sword (13)]
 12646 | D:11     | Reached skill level 8 in Transmutations
 13387 | Lair:1   | Entered Level 1 of the Lair of Beasts
 13659 | Lair:1   | Identified the +8 longbow of Ascent {vorpal, Will+ SInv
                  | Stlth+}
 13726 | Lair:1   | Found a transporter.
 13734 | Lair:1   | Noticed wakim's ghost (journeyman GnWn)
 13740 | Lair:1   | Noticed a seven-headed hydra
 13745 | Lair:1   | Found a transporter.
 13857 | Lair:1   | Reached skill level 11 in Unarmed Combat
 14059 | Lair:1   | Noticed Fannar
 14075 | Lair:1   | Killed Fannar
 14398 | Lair:2   | Received a gift from Okawaru
 14679 | Lair:2   | Received a gift from Okawaru
 14839 | Lair:2   | Noticed a queen ant
 14856 | Lair:2   | Killed a queen ant
 14857 | Lair:2   | Reached skill level 9 in Fighting
 14882 | Lair:2   | Reached XP level 13. HP: 82/101 MP: 19/19
 14912 | Lair:2   | Reached skill level 12 in Unarmed Combat
 15402 | Lair:2   | Found a staircase to the Snake Pit.
 15736 | Lair:3   | Reached skill level 13 in Dodging
 15748 | Lair:3   | Noticed Prince Ribbit
 15771 | Lair:3   | Killed Prince Ribbit
 15822 | Lair:3   | Reached ****** piety under Okawaru
 16285 | Lair:3   | Received a gift from Okawaru
 16286 | Lair:3   | Reached skill level 13 in Unarmed Combat
 16558 | Lair:3   | Found a blossoming altar of Fedhas.
 17149 | Lair:3   | Noticed Urug
 17170 | Lair:3   | Killed Urug
 17281 | Lair:3   | Found a staircase to the Shoals.
 17717 | Lair:4   | Reached skill level 10 in Fighting
 17909 | Lair:4   | Found a runed translucent door.
 17913 | Lair:4   | Noticed Hiceoc's ghost (journeyman FeBe)
 18555 | Lair:4   | Identified +0 steam dragon scales
 18556 | Lair:4   | Reached skill level 14 in Unarmed Combat
 18868 | Lair:4   | Identified the +3 spear "Saomnygi" {drain, rElec rF+ rC+}
 18970 | Lair:4   | Killed Hiceoc's ghost
 18977 | Lair:4   | HP: 9/100 [komodo dragon[a boggart] (28)]
 18982 | Lair:4   | Slain by a spriggan rider

Vanquished Creatures
  Gastronok (D:9)
  Josephine (D:10)
  Fannar (Lair:1)
  A boulder beetle (Lair:3)
  2 two-headed ogres
  9 death yaks
  A queen ant (Lair:2)
  Urug (Lair:3)
  The ghost of Hiceoc the Nimble, a journeyman FeBe of Trog (Lair:4)
  Nergalle (D:10)
  An unseen horror (D:11)
  Pikel (D:9)
  An oklob plant (Lair:3)
  A cyclops (D:11)
  3 elephants (Lair:4)
  A manticore (D:8)
  2 centaur zombies (D:11)
  5 black mambas
  A gargoyle (D:11)
  2 centaur skeletons (D:11)
  Joseph (D:7)
  The ghost of Anon1729 the Basher, a novice PaWr (D:6)
  5 cane toads
  6 komodo dragons
  2 rime drakes
  3 polar bears
  Prince Ribbit (Lair:3)
  10 blink frogs
  A hornet (D:9)
  A snapping turtle (Lair:3)
  5 wraiths (D:10)
  A shadow (D:11)
  3 wyverns
  20 yaks
  Grum (D:10)
  2 basilisks (Lair:2)
  3 steam dragons (Lair:4)
  2 nagas
  9 water moccasins
  10 soldier ants
  2 sky beasts
  5 ice beasts
  An eye of draining (D:8)
  3 black bears
  15 orc warriors
  26 wolves
  5 ogres
  5 centaurs
  4 lemures (D:9)
  2 phantoms (D:6)
  18 bullfrogs
  8 scorpions
  19 killer bees
  5 wights
  5 howler monkeys
  2 electric eels (Lair:3)
  A vampire bat (Lair:4)
  A quasit (D:8)
  2 hounds
  3 jellies
  10 orc priests
  2 iguanas
  13 orc wizards
  29 worker ants
  5 hell rats (Lair:4)
  2 killer bee zombies
  3 hound zombies
  2 hound skeletons
  3 mummies (Ossuary)
  7 gnolls
  2 howler monkey skeletons
  10 adders
  2 river rats (D:8)
  A shadow imp (D:8)
  A white imp (D:8)
  4 ufetubi
  10 oozes
  3 adder zombies (Ossuary)
  2 adder skeletons (D:8)
  2 worms
  2 dart slugs
  11 leopard geckos
  78 orcs
  18 giant cockroaches
  6 goblins
  7 hobgoblins
  17 jackals
  9 kobolds
  7 quokkas
  7 ball pythons
  11 bats
  15 frilled lizards
  A gnoll zombie (Ossuary)
  2 goblin zombies (Ossuary)
  2 hobgoblin zombies (Ossuary)
  3 kobold zombies (Ossuary)
  A leopard gecko zombie (D:8)
  5 quokka zombies (Ossuary)
  11 rats
  2 rat zombies (Ossuary)
584 creatures vanquished.

Vanquished Creatures (others)
  18 fungi
  83 plants
101 creatures vanquished.

Grand Total: 685 creatures vanquished
